 Dungeon Crawl Stone Soup version 0.29-a0-330-g52719c12eb (webtiles) character file.

Game seed: 894399129660227018

65 tilp the Magician (level 3, 0/29 HPs)
             Began as a Draconian Hedge Wizard on May 23, 2022.
             Slain by an orc wizard
             ... wielding a +0 dagger
              (3 damage)
             ... on level 3 of the Dungeon.
             The game lasted 00:02:45 (2111 turns).

tilp the Magician (Draconian Hedge Wizard)          Turns: 2111, Time: 00:02:45

Health: 0/29       AC:  7    Str: 12    XL:     3   Next: 92%
Magic:  7/7        EV: 12    Int: 16    God:
Gold:   109        SH:  0    Dex: 10    Spells: 4/8 levels left

rFire   . . .      SeeInvis .   a - +2 dagger (protect)
rCold   . . .      Faith    .   (no shield)
rNeg    . . .      Spirit   .   (body armour unavailable)
rPois   .          Reflect  .   n - +2 hat {Will+}
rElec   .          Harm     .   (no cloak)
rCorr   .          Rampage  .   (no gloves)
Will    ++...                   (no boots)
Stlth   ++........              (no amulet)
HPRegen 0.09/turn               g - ring of willpower
MPRegen 0.10/turn               (no ring)

@: no status effects
A: AC +5, unfitting armour, cold-blooded
a: no special abilities


You were on level 3 of the Dungeon.
You visited 1 branch of the dungeon, and saw 3 of its levels.

You collected 109 gold pieces.

Inventory:

Hand Weapons
 a - a +2 dagger of protection (weapon)
 b - a +0 dagger
Missiles
 d - 66 stones
 f - 2 javelins
 m - 6 boomerangs (quivered)
Armour
 n - a +2 hat of willpower (worn)
Magical Staves
 k - a staff of earth
Jewellery
 g - a ring of willpower (left hand)
Potions
 c - a potion of magic
 e - 2 potions of curing {unknown}
 h - a potion of mutation {unknown}
 i - a potion of degeneration {unknown}
 j - a potion of attraction {unknown}
 l - a potion of haste {unknown}


   Skills:
 + Level 2.1 Fighting
 + Level 0.3 Throwing
 + Level 2.1 Dodging
 - Level 2.0 Stealth
 - Level 3.0 Spellcasting
 + Level 2.1 Conjurations
 - Level 1.0 Summonings
 * Level 1.5 Translocations


You had 4 spell levels left.
You knew the following spells:

 Your Spells              Type           Power      Damage    Failure   Level
a - Magic Dart            Conj           36%        1d4       8%          1
b - Slow                  Hex            8%         N/A       19%         1
c - Blink                 Tloc           14%        N/A       16%         2

Your spell library contained the following spells:

 Spells                   Type           Power      Damage    Failure   Level
 Call Imp                 Summ           5%         N/A       19%         2
 Conjure Flame            Conj/Fire      5%         6-21      34%         3
 Mephitic Cloud           Conj/Pois/Air  4%         N/A       38%         3
 Inner Flame              Hex/Fire       2%         N/A       50%         3
 Cause Fear               Hex            1%         N/A       88%         4
 Discord                  Hex            1%         N/A       100%        8


Dungeon Overview and Level Annotations

Branches:
Dungeon (3/15)

Altars:

Annotations:
D:2 Sigmund


Innate Abilities, Weirdness & Mutations

Your plain brown scales are hard. (AC +5)
You cannot fit into any form of body armour.
You are cold-blooded and may be slowed by cold attacks.


Message History

The orc wizard flickers and vanishes!
Deactivating autopickup; reactivate with Ctrl-A.
The orc hits you with a +0 whip.
You barely miss something. The orc hits you but does no damage.
You hear some strange, mumbled words.
A puff of flame appears from out of thin air!
The puff of flame hits you.
You closely miss something. The orc closely misses you. Something hits you.
You barely miss something.
Your tail-slap misses something.
Something hits you but does no damage. The orc hits you with a +0 whip.
* * * LOW HITPOINT WARNING * * *
You miss something. The orc hits you but does no damage. Something hits you.
* * * LOW HITPOINT WARNING * * *
You closely miss something. The orc barely misses you.
Something hits you but does no damage.
You closely miss something. The orc barely misses you. Something hits you.
* * * LOW HITPOINT WARNING * * *
You miss something. Something hits you but does no damage.
The orc hits you but does no damage.
You closely miss something. The orc barely misses you.
Something hits you but does no damage.
You closely miss something.
Your tail-slap misses something.
The orc hits you but does no damage. Something hits you.
* * * LOW HITPOINT WARNING * * *
You barely miss the orc. You tail-slap the orc.
The orc is heavily wounded.
Something hits you.
* * * LOW HITPOINT WARNING * * *
The orc hits you but does no damage. The orc attacks as you move away!
The orc hits you but does no damage. Something barely misses you.
You closely miss the orc.
The orc is heavily wounded.
You hit something.
Your weapon exudes an aura of protection.
You closely miss something.
Your tail-slap misses something.
Something barely misses you.
You barely miss something. Something hits you but does no damage.
You closely miss something. Something hits you.
You die...

#.#...#....#.
#.............
##............##
..................
##................
.................. #
#.....#... .....
..##.##.@#.###.....
.........#{.#.......
..........o)#.......
###...................
...........####.......
##......##..###.......
........#....#........
..........##..........
..........#...........


You could see an orc.

Vanquished Creatures
  2 adders (D:2)
  A dart slug (D:1)
  An orc (D:3)
  4 ball pythons
  4 bats
  8 endoplasms
  2 giant cockroaches (D:1)
  3 goblins
  2 hobgoblins
  3 jackals (D:1)
  3 quokkas
  2 frilled lizards (D:1)
  5 rats
40 creatures vanquished.

Notes
Turn   | Place    | Note
-------+----------+-------------------------------------------
     0 | D:1      | tilp the Draconian Hedge Wizard began the quest for the
                  | Orb.
     0 | D:1      | Reached XP level 1. HP: 14/14 MP: 4/4
   184 | D:1      | Reached XP level 2. HP: 18/22 MP: 1/6
   192 | D:1      | Reached skill level 1 in Fighting
  1019 | D:1      | Reached XP level 3. HP: 29/29 MP: 7/7
  1206 | D:2      | Found a faded altar of an unknown god.
  1237 | D:2      | Learned a level 1 spell: Slow
  1240 | D:2      | Learned a level 2 spell: Blink
  1917 | D:2      | Noticed Sigmund
  2111 | D:3      | Slain by an orc wizard

Illustrated notes

Levels and vault maps discovered:
D:1:      mrwooster_arrival_arrow, layout_loops_ring
D:2:      layout_basic, ebering_ecumenical_altar_mist, supply_closet_lemuel,
          amcnicky_mini_rare_corridor_liquid, uniq_sigmund
D:3:      layout_rooms

Skill      XL: |  1  2  3 |
---------------+----------+-----
Stealth        | 2 |  2.0
Dodging        | 2 |  2.1
Fighting       | 1 2 |  2.1
Conjurations   | 2 |  2.1
Throwing       | |  0.3
Spellcasting   | |  3.0
Summonings     | |  1.0
Translocations | |  1.5

Action                   || total
-------------------------++-------
Melee: Dagger            ||   112
       Tailslap          ||    18
       Punch             ||     1
Throw: Stone             ||     9
 Cast: Magic Dart        ||    23
  Use: Scroll            ||     4
 Stab: Sleeping          ||     9
Armor: Skin              ||    41
Dodge: Dodged            ||    65

Table legend: (Time is in decaauts)
 A = Elapsed time spent in this place.
 B = Non-inter-level travel time spent in this place.
 C = Inter-level travel time spent in this place.
 D = Time resting spent in this place.
 E = Time spent auto-exploring this place.
 F = Levels seen in this place.
 G = Mean time per level.
                   A        B        C        D        E       F      G
               +--------+--------+--------+--------+--------+-----+--------+
         Total |   2112 |   2080 |     32 |     35 |   1719 |   3 |  704.0 |
       Dungeon |   2112 |   2080 |     32 |     35 |   1719 |   3 |  704.0 |
               +--------+--------+--------+--------+--------+-----+--------+

Top non-repeatable levels by time:
     D:1: 1164 daAuts
     D:2: 855 daAuts
     D:3: 92 daAuts
